 Dungeon Crawl Stone Soup version 0.32-a0-768-g0f6f1dd4b9 (webtiles) character file.

Game seed: 17361441659882487865

550 Shayle the Apothecary (level 7, 0/52 HPs)
             Began as a Coglin Alchemist on Mar 18, 2024.
             Was an Initiate of Gozag.
             Incinerated by a bombardier beetle (3 damage)
             ... with a burning spray
             ... on level 5 of the Dungeon.
             The game lasted 00:15:04 (4560 turns).

Shayle the Apothecary (Coglin Alchemist)            Turns: 4560, Time: 00:15:04

Health: 0/52       AC:  3    Str:  8    XL:     7   Next: 29%
Magic:  3/9        EV: 11    Int: 17    God:    Gozag
Gold:   420        SH:  0    Dex: 14    Spells: 5/9 levels left

rFire   . . .        f - +0 dagger {Juwon}
rCold   . . .        i - +0 short sword (holy) {Urai}
rNeg    . . .        a - +0 robe
rPois   .            (no helmet)
rElec   .            (no cloak)
rCorr   .            e - +0 pair of gloves
SInv    .            (no boots)
Will    .....        (amulet unavailable)
Stlth   +            (ring unavailable)
HPRegen 0.28/turn    (ring unavailable)
MPRegen 0.11/turn    (no gizmo)

%: no passive effects
@: on fire, silenced, gold aura, glowing, revved
A: off-hand wielding, slow wielding, warmup strikes, no jewellery
a: Invent Gizmo, Renounce Religion


You were on level 5 of the Dungeon.
You worshipped Gozag.
Gozag was aware of your devotion.
You visited 1 branch of the dungeon, and saw 5 of its levels.

You collected 470 gold pieces.
You paid 50 gold pieces to Gozag.

Inventory:

Hand Weapons
 f - a +0 dagger (weapon) {Juwon}
 g - a +0 dagger {Manar}
 i - a +0 short sword of holy wrath (offhand) {Urai}
Armour
 a - a +0 robe (worn)
 e - a +0 pair of gloves (worn)
Wands
 b - a wand of roots (8)
Scrolls
 d - 2 scrolls of identify
 k - a scroll of torment
 l - a scroll of noise
 n - a scroll of silence
Potions
 c - a potion of enlightenment
 m - a potion of brilliance


   Skills:
 + Level 3.4 Fighting
 + Level 3.1 Ranged Weapons
 - Level 1.7 Dodging
 - Level 1.5 Stealth
 - Level 1.7 Spellcasting
 + Level 2.7 Conjurations
 + Level 2.6 Air Magic
 + Level 4.6 Alchemy


You had 5 spell levels left.
You knew the following spells:

 Your Spells              Type           Power      Damage    Failure   Level
a - Sting                 Conj/Alch      56%        1d6       4%          1
b - Mephitic Cloud        Conj/Alch/Air  12%        N/A       16%         3

Your spell library contained the following spells:

 Spells                   Type           Power      Damage    Failure   Level
 Mercury Vapours          Alch/Air       26%        N/A       7%          2
 Freeze                   Ice            4%         1d3       21%         1
 Swiftness                Air            10%        N/A       21%         3
 Olgreb's Toxic Radiance  Alch           17%        N/A       28%         4
 Ensorcelled Hibernation  Hex/Ice        2%         N/A       30%         2
 Dazzling Flash           Conj/Hex       12%        N/A       34%         3
 Hailstorm                Conj/Ice       6%         3d5       34%         3
 Frozen Ramparts          Ice            2%         1d1       52%         3
 Ozocubu's Armour         Ice            1%         N/A       52%         3
 Passwall                 Erth           1%         N/A       52%         3
 Sticky Flame             Fire/Alch      9%         2d5       58%         4
 Silence                  Hex/Air        2%         N/A       97%         5
 Curse of Agony           Necr           1%         N/A       99%         5
 Metabolic Englaciation   Hex/Ice        0%         N/A       99%         5


Dungeon Overview and Level Annotations

Branches:
Dungeon (5/15)
 Temple: D:4-7

Altars:
Elyvilon
Gozag
Okawaru
Trog
Vehumet
Xom


Innate Abilities, Weirdness & Mutations

You can wield a second weapon in your off-hand.
It takes a long time for you to wield or remove held weapons.
Your first few attacks do less damage.
You cannot equip rings or amulets.


Message History

The liquid fire burns you!
* * * LOW HITPOINT WARNING * * *
The bombardier beetle sprays incendiary fluid at you.
The burning spray misses you.
Unknown command.
Okay, then.
Aiming: Fastroot
Press: ? - help, Shift-Dir - straight line The roots erupt in riotous growth!
Your attack snaps the orc out of its fear.
Roots grab the orc.
The liquid fire burns you!
* * * LOW HITPOINT WARNING * * *
The grasping roots constrict the orc.
The orc struggles to escape constriction.
The bombardier beetle sprays incendiary fluid at you.
The burning spray hits you.
You are even more covered in liquid fire!
Unknown command.
Aiming: Fastroot
Press: ? - help, Shift-Dir - straight line, f - bombardier beetle
Aim: a bombardier beetle (silenced, unaffected by silence)
The roots erupt in riotous growth!
Roots grab the bombardier beetle.
The liquid fire burns you!
* * * LOW HITPOINT WARNING * * *
The grasping roots constrict the orc!
You kill the orc!
The grasping roots constrict the bombardier beetle!
You shake off some of the fire as you move.
The liquid fire burns you!
* * * LOW HITPOINT WARNING * * *
The grasping roots constrict the bombardier beetle.
Something hits you.
* * * LOW HITPOINT WARNING * * *
The bombardier beetle sprays incendiary fluid at you.
The burning spray hits you.
You are even more covered in liquid fire!
You miss something with your +0 dagger. You hit something but do no damage.
The liquid fire burns you!
You die...
Your body crumbles into a pile of gold.

####...###..
####.........#
####...###...###..
##.........###....>
##$###...###...###..
#.....###.........#
#......#.###...###..
##.....#.....###....
#..).$@#......# ###.
##.....#.....#...
##.###.#B.....# ..
#.....###.....# #
#......#.###.#..
#.#..$..#.....###..
#......#..... ##
##.....# .>..#
##.###.#......#


You could see a bombardier beetle (unsilenced, rooted).

Vanquished Creatures
  A black bear (D:5)
  A scorpion (D:4)
  A howler monkey (D:4)
  A bombardier beetle (D:3)
  A hound (D:5)
  An orc priest (D:3)
  An iguana (D:4)
  Terence (D:2)
  3 orc wizards
  A gnoll (D:5)
  4 adders (D:2)
  A dart slug (D:1)
  3 ribbon worms
  12 orcs
  5 bats
  3 endoplasms
  A giant cockroach (D:2)
  7 goblins
  8 hobgoblins
  9 jackals
  A quokka (D:4)
  4 ball pythons
  2 frilled lizards
  5 kobolds
  4 rats
81 creatures vanquished.

Notes
Turn   | Place    | Note
-------+----------+-------------------------------------------
     0 | D:1      | Shayle the Coglin Alchemist began the quest for the Orb.
     0 | D:1      | Reached XP level 1. HP: 13/13 MP: 3/3
   411 | D:1      | Reached skill level 1 in Fighting
   411 | D:1      | Reached XP level 2. HP: 21/21 MP: 2/4
   432 | D:1      | Reached skill level 1 in Ranged Weapons
  1215 | D:2      | Reached XP level 3. HP: 27/27 MP: 2/5
  1219 | D:2      | Learned a level 3 spell: Mephitic Cloud
  1300 | D:2      | Reached skill level 1 in Conjurations
  1549 | D:2      | Noticed Terence
  1564 | D:2      | Reached XP level 4. HP: 26/33 MP: 3/6
  1584 | D:2      | Killed Terence
  2317 | D:3      | Found an iron altar of Okawaru.
  2409 | D:3      | Found a white marble altar of Elyvilon.
  2470 | D:3      | Found an opulent altar of Gozag.
  2495 | D:3      | Became a worshipper of Gozag Ym Sagoz the Greedy
  2529 | D:3      | Reached skill level 1 in Air Magic
  2591 | D:3      | Found a shimmering altar of Xom.
  2602 | D:3      | Reached XP level 5. HP: 20/39 MP: 2/7
  2757 | D:3      | Found a bloodstained altar of Trog.
  2937 | D:4      | Reached skill level 4 in Alchemy
  2937 | D:4      | Reached XP level 6. HP: 11/46 MP: 2/8
  3791 | D:4      | Found a radiant altar of Vehumet.
  4140 | D:5      | Entered Level 5 of the Dungeon
  4318 | D:5      | Noticed a black bear
  4340 | D:5      | Killed a black bear
  4341 | D:5      | Reached XP level 7. HP: 40/52 MP: 4/9
  4560 | D:5      | Incinerated by a bombardier beetle

Illustrated notes

Levels and vault maps discovered:
D:1:      psy_arrival_radial02, layout_basic, dreamdust_princess_corridor
D:2:      layout_basic, uniq_terence
D:3:      layout_basic, lemuel_crystal_altar, mainiacjoe_overflow_alcove_2,
          grunt_gozag_statues, mainiacjoe_overflow_catch_the_wave
D:4:      layout_cave_pods, lemuel_round_altar,
          serial_library_hellmonk_open_square
D:5:      nicolae_BIG_FREAKIN_CUBE, layout_basic, kennysheep_little_box,
          minmay_temple_entry_statues_fountains, st_stairs_9

Skill      XL: |  1  2  3  4  5  6 |
---------------+-------------------+-----
Fighting       | 1 2 3 |  3.4
Ranged Weapons | 1 2 3 |  3.1
Conjurations   | 1 2 |  2.7
Air Magic      | 1 2 |  2.6
Alchemy        | 4 |  4.6
Dodging        | |  1.7
Stealth        | |  1.5
Spellcasting   | |  1.7

Action                     |  1- 3 |  4- 6 |  7- 9 || total
---------------------------+-------+-------+-------++-------
  Melee: Dagger            |    64 |   120 |    14 ||   198
         Short sword       |     1 |   116 |    15 ||   132
   Cast: Sting             |    32 |    50 |     8 ||    90
         Mephitic Cloud    |       |     8 |     2 ||    10
  Evoke: Wand              |       |       |     2 ||     2
    Use: Potion            |       |     3 |       ||     3
         Scroll            |       |    10 |     2 ||    12
   Stab: Confused          |       |    13 |       ||    13
         Sleeping          |       |     3 |       ||     3
         Distracted        |       |     1 |       ||     1
 Armour: Robe              |    19 |    88 |    13 ||   120
  Dodge: Dodged            |    41 |    78 |     5 ||   124

Table legend: (Time is in decaauts)
 A = Elapsed time spent in this place.
 B = Non-inter-level travel time spent in this place.
 C = Inter-level travel time spent in this place.
 D = Time resting spent in this place.
 E = Time spent auto-exploring this place.
 F = Levels seen in this place.
 G = Mean time per level.
                   A        B        C        D        E       F      G
               +--------+--------+--------+--------+--------+-----+--------+
         Total |   4559 |   4444 |    115 |    726 |   2743 |   5 |  911.8 |
       Dungeon |   4559 |   4444 |    115 |    726 |   2743 |   5 |  911.8 |
               +--------+--------+--------+--------+--------+-----+--------+

Top non-repeatable levels by time:
     D:4: 1377 daAuts
     D:2: 1167 daAuts
     D:1: 987 daAuts
     D:3: 737 daAuts
     D:5: 289 daAuts
